 Dungeon Crawl Stone Soup version 0.29-a0-82-g837932c90e (webtiles) character file.

Game seed: 10440499214256315206

0 Cecur the Grasshopper (level 1, 0/10 HPs)
             Began as a Spriggan Warper on Feb 4, 2022.
             Frozen to death by an endoplasm (3 damage)
             ... on level 1 of the Dungeon.
             The game lasted 00:00:10 (23 turns).

Cecur the Grasshopper (Spriggan Warper)               Turns: 23, Time: 00:00:11

Health: 0/10       AC:  2    Str:  7    XL:     1   Next: 8%
Magic:  5/5        EV: 17    Int: 14    God:
Gold:   0          SH:  0    Dex: 14    Spells: 5/5 levels left

rFire   . . .      SeeInvis +   a - +0 short sword
rCold   . . .      Faith    .   (no shield)
rNeg    . . .      Spirit   .   b - +0 robe
rPois   .          Reflect  .   (helmet restricted)
rElec   .          Harm     .   (no cloak)
rCorr   .          Rampage  .   (gloves unavailable)
Will    .....                   (boots unavailable)
Stlth   +.........              (no amulet)
HPRegen 0.03/turn               (no ring)
MPRegen 0.09/turn               (no ring)

@: very quick
A: very small, no large weapons, unfitting armour, see invisible, speed 3
a: no special abilities


You were on level 1 of the Dungeon.
You visited 1 branch of the dungeon, and saw 1 of its levels.

Inventory:

Hand Weapons
 a - a +0 short sword (weapon)
Missiles
 d - 5 boomerangs of dispersal (quivered)
Armour
 b - a +0 robe (worn)
Scrolls
 c - a scroll of blinking


   Skills:
 + Level 1.5 Fighting
 + Level 2.1 Short Blades
 + Level 1.0 Throwing
 + Level 3.2 Dodging
 + Level 2.6 Spellcasting
 + Level 4.4 Translocations


You had 5 spell levels left.
You didn't know any spells.
Your spell library contained the following spells:

 Spells                   Type           Power      Damage    Failure   Level
 Blink                    Tloc           28%        N/A       5%          2
 Gell's Gravitas          Tloc           14%        N/A       11%         3
 Lesser Beckoning         Tloc           14%        N/A       11%         3
 Teleport Other           Tloc           14%        N/A       11%         3
 Manifold Assault         Tloc           14%        N/A       69%         5


Dungeon Overview and Level Annotations

Branches:
Dungeon (1/15)

Altars:


Innate Abilities, Weirdness & Mutations

You are very small and have problems with some larger weapons.
You are too small for most types of armour.
You have supernaturally acute eyesight. (SInv)
You cover ground extremely quickly. (Speed+++)


Message History

Press ? for a list of commands and other information.
Found 14 arrows.
Found a staircase leading out of the dungeon.
Found a club.
Found 23 stones.
You open the door.
An endoplasm comes into view.
There is an open door here.
The rat closely misses you.
You see here a +0 club.
You barely miss the rat. The rat closely misses you.
You barely miss the rat. The rat completely misses you.
You barely miss the rat. The rat misses you. The endoplasm freezes you.
You are frozen.
You hit the rat.
The rat is heavily wounded.
The rat bites you. The endoplasm freezes you.
You are frozen.
* * * LOW HITPOINT WARNING * * *
You are too injured to fight recklessly!
You are too injured to fight recklessly!
You are too injured to fight recklessly!
You are too injured to fight recklessly!
You are too injured to fight recklessly!
The endoplasm completely misses you.
There is an open door here.
You barely miss the rat.
The rat is heavily wounded.
The rat barely misses you.
You closely miss the rat.
The rat is heavily wounded.
The rat closely misses you.
You hit the rat.
You kill the rat!
You barely miss the endoplasm. The endoplasm freezes you.
You are frozen.
You die...

###.........#
#####...........#
##≈≈≈##.......(..#
##≈≈P≈≈##.........#
##≈≈≈.≈≈≈##....$...#
#≈≈P.8.P≈≈#..).....#
..#≈≈.....≈≈#..........
#.8≈.......≈8..........
.+.P8.<.8P@J..........
#8≈.......≈8.(....###.
..#≈≈.....≈≈#####..#
#≈≈P.8.P≈≈# ..#
##≈≈≈.≈≈≈## ...#
##≈≈P≈≈## .... ##≈≈≈##
### #####


You could see an endoplasm.

Vanquished Creatures
  A rat (D:1)
1 creature vanquished.

Notes
Turn   | Place    | Note
-------+----------+-------------------------------------------
     0 | D:1      | Cecur the Spriggan Warper began the quest for the Orb.
     0 | D:1      | Reached XP level 1. HP: 10/10 MP: 5/5
    23 | D:1      | Frozen to death by an endoplasm

Illustrated notes

Levels and vault maps discovered:
D:1:      lightli_arrival_statuegarden, layout_rooms, minmay_strange_pillars

Action                   || total
-------------------------++-------
Melee: Short sword       ||     8
Dodge: Dodged            ||     7

Table legend: (Time is in decaauts)
 A = Elapsed time spent in this place.
 B = Non-inter-level travel time spent in this place.
 C = Inter-level travel time spent in this place.
 D = Time resting spent in this place.
 E = Time spent auto-exploring this place.
 F = Levels seen in this place.
 G = Mean time per level.
                   A        B        C        D        E       F      G
               +--------+--------+--------+--------+--------+-----+--------+
         Total |     16 |     16 |      0 |      0 |      1 |   1 |   16.0 |
       Dungeon |     16 |     16 |      0 |      0 |      1 |   1 |   16.0 |
               +--------+--------+--------+--------+--------+-----+--------+

Top non-repeatable levels by time:
     D:1: 16 daAuts
